 Dungeon Crawl Stone Soup version 0.29-a0-559-g359e09b9d1 (webtiles) character file.

Game seed: 16155396798248793896

74 Heedrag the Conjurer (level 4, 0/30 HPs)
             Began as a Demonspawn Conjurer on June 9, 2022.
             Slain by a gnoll
             ... wielding a +0 whip
              (6 damage)
             ... on level 2 of the Dungeon.
             The game lasted 00:02:38 (1618 turns).

Heedrag the Conjurer (Demonspawn Conjurer)          Turns: 1618, Time: 00:02:38

Health: 0/30       AC:  4    Str:  8    XL:     4   Next: 9%
Magic:  1/7        EV: 12    Int: 21    God:
Gold:   62         SH:  0    Dex: 17    Spells: 5/8 levels left

rFire   . . .      SeeInvis .   d - +0 dagger
rCold   . . .      Faith    .   (no shield)
rNeg    . . .      Spirit   .   a - +0 robe
rPois   .          Reflect  .   (helmet restricted)
rElec   .          Harm     .   (no cloak)
rCorr   .          Rampage  .   (no gloves)
Will    .....                   (no boots)
Stlth   ++........              (no amulet)
HPRegen 0.10/turn               l - +6 ring of dexterity
MPRegen 0.10/turn               (no ring)

@: no status effects
A: antennae 1, thin metallic scales 1
a: no special abilities


You were on level 2 of the Dungeon.
You visited 1 branch of the dungeon, and saw 2 of its levels.

You collected 62 gold pieces.

Inventory:

Hand Weapons
 d - a +0 dagger (weapon)
   (You took it off a kobold on level 1 of the Dungeon)
 g - a +0 hunting sling of freezing
   (You found it on level 1 of the Dungeon)
Missiles
 i - 3 poisoned darts
Armour
 a - a +0 robe (worn)
Jewellery
 l - a +6 ring of dexterity (left hand)
   (You found it on level 1 of the Dungeon)
Scrolls
 c - a scroll of summoning {unknown}
 e - 4 scrolls of identify {unknown}
 k - a scroll of immolation {unknown}
 m - a scroll of vulnerability {unknown}
Potions
 b - a potion of magic
 f - a potion of berserk rage {unknown}
 h - a potion of might {unknown}
 j - a potion of heal wounds {unknown}


   Skills:
 - Level 2.0 Dodging
 + Level 2.5 Stealth
 + Level 2.6 Spellcasting
 * Level 4.9 Conjurations


You had 5 spell levels left.
You knew the following spells:

 Your Spells              Type           Power      Damage    Failure   Level
a - Magic Dart            Conj           92%        1d7       1%          1
s - Searing Ray           Conj           46%        2d6       2%          2

Your spell library contained the following spells:

 Spells                   Type           Power      Damage    Failure   Level
 Freeze                   Ice            8%         1d3       14%         1
 Dazzling Flash           Conj/Hex       26%        N/A       16%         3
 Frozen Ramparts          Ice            4%         1d2       38%         3
 Fulminant Prism          Conj/Hex       6%         3d7       45%         4
 Hailstorm                Conj/Ice       13%        3d5       45%         4
 Iskenderun's Mystic Bla  Conj/Tloc      13%        2d5       45%         4


Dungeon Overview and Level Annotations

Branches:
Dungeon (2/15)

Altars:


Innate Abilities, Weirdness & Mutations

You have a pair of small antennae on your head.
You are partially covered in thin metallic scales. (AC +2)


Message History

The magic dart hits the hobgoblin.
You kill the hobgoblin!
You can't see any susceptible monsters within range! (Use Z to cast anyway.)
You can't see any susceptible monsters within range! (Use Z to cast anyway.)
You can't see any susceptible monsters within range! (Use Z to cast anyway.) 2 gnolls come into view.
Things that are here:
a +0 short sword; a hobgoblin corpse
Found 11 stones.
A gnoll comes into view. It is wielding a +0 whip.
Found a faded altar of an unknown god.
The gnoll shouts! x2
A gnoll comes into view. It is wielding a +0 flail.
The gnoll shouts!
The gnoll barely misses you.
The gnoll hits you from afar with a +0 halberd!
The gnoll hits you from afar with a +0 halberd.
The gnoll attacks as you move away! The gnoll hits you with a +0 club!
* * * LOW HITPOINT WARNING * * *
Unknown command.
The searing ray hits the gnoll!
The searing ray hits the gnoll. x2 (Press . to maintain the ray.)
The gnoll closely misses you.
Unknown command.
The searing ray hits the gnoll!
You kill the gnoll!
The searing ray hits the gnoll!
The gnoll hits you with a +0 club.
* * * LOW HITPOINT WARNING * * *
Okay, then.
Unknown command.
The gnoll attacks as you move away! The gnoll misses you.
The gnoll closely misses you.
Unknown command.
Unknown command.
Aim: a gnoll, wielding a +0 club (heavily wounded, 81% to hit)
The searing ray hits the gnoll. x2; The searing ray hits the gnoll!
You kill the gnoll! (Press . to maintain the ray.)
The gnoll hits you but does no damage.
The searing ray misses the gnoll.
The searing ray hits the gnoll.
The gnoll closely misses you.
Unknown command.
You hit the gnoll but do no damage. The gnoll hits you but does no damage.
Unknown command.
You hit the gnoll.
You kill the gnoll!
You have reached level 4!
You feel stronger.
You hit the gnoll. The gnoll hits you with a +0 whip.
You die...

##... #... #.# #.
G#(.. {#.)# #.#
#####. ##...###..#
##.# #.....
gg.....†).# #..#
#.###. #.....##.##
#)## #.# #.
#.###.#...#### #.#
#.# #. ###........##
#.# #.# ##
#.............#####.#
#.####
#####.##....).g@....#
#.....
#.....)...#######
###### ######...##
#####


You could see a gnoll.

Vanquished Creatures
  3 gnolls (D:2)
  An adder (D:2)
  3 dart slugs
  A ball python (D:1)
  3 bats
  3 endoplasms (D:1)
  A giant cockroach (D:1)
  3 goblins (D:1)
  2 hobgoblins (D:2)
  6 kobolds
  A quokka (D:1)
  A rat (D:1)
28 creatures vanquished.

Notes
Turn   | Place    | Note
-------+----------+-------------------------------------------
     0 | D:1      | Heedrag the Demonspawn Conjurer began the quest for the
                  | Orb.
     0 | D:1      | Reached XP level 1. HP: 13/13 MP: 3/3
   495 | D:1      | Gained mutation: You have a pair of small antennae on your
                  | head. [demonic ancestry]
   495 | D:1      | Reached XP level 2. HP: 19/19 MP: 3/5
  1254 | D:2      | Gained mutation: You are partially covered in thin metallic
                  | scales. (AC +2) [demonic ancestry]
  1254 | D:2      | Reached XP level 3. HP: 22/24 MP: 1/6
  1257 | D:2      | Learned a level 2 spell: Searing Ray
  1591 | D:2      | Noticed an eye of devastation
  1595 | D:2      | Found a faded altar of an unknown god.
  1618 | D:2      | Reached XP level 4. HP: 6/30 MP: 0/7
  1618 | D:2      | Slain by a gnoll

Illustrated notes

Levels and vault maps discovered:
D:1:      saegor_arrival_simple_a, layout_loops_ring, minmay_bisected
D:2:      layout_loops_corners, hellmonk_ecumenical_altar_watching_god,
          hangedman_decor_growths, nicolae_elevator_lobby_plus

Skill      XL: |  1  2 |
---------------+-------+-----
Stealth        | 2 |  2.5
Dodging        | 2 |  2.0
Spellcasting   | |  2.6
Conjurations   | |  4.9

Action                   |  1- 3 |  4- 6 || total
-------------------------+-------+-------++-------
Melee: Dagger            |    23 |     1 ||    24
       Unarmed           |     2 |       ||     2
 Cast: Magic Dart        |    47 |       ||    47
       Searing Ray       |     2 |       ||     2
Armor: Robe              |    12 |       ||    12
Dodge: Dodged            |    19 |       ||    19

Table legend: (Time is in decaauts)
 A = Elapsed time spent in this place.
 B = Non-inter-level travel time spent in this place.
 C = Inter-level travel time spent in this place.
 D = Time resting spent in this place.
 E = Time spent auto-exploring this place.
 F = Levels seen in this place.
 G = Mean time per level.
                   A        B        C        D        E       F      G
               +--------+--------+--------+--------+--------+-----+--------+
         Total |   1616 |   1589 |     27 |      2 |   1387 |   2 |  808.0 |
       Dungeon |   1616 |   1589 |     27 |      2 |   1387 |   2 |  808.0 |
               +--------+--------+--------+--------+--------+-----+--------+

Top non-repeatable levels by time:
     D:1: 1099 daAuts
     D:2: 517 daAuts
